 Dungeon Crawl Stone Soup version 0.21.0-30-g47ce8e4 (webtiles) character file.

8 tidbits the Insei (level 2, 0/23 HPs)
             Began as a Gnoll Transmuter on Jan 29, 2018.
             Slain by an ooze (4 damage)
             ... on level 3 of the Dungeon.
             The game lasted 00:01:51 (316 turns).

tidbits the Insei (Gnoll Transmuter)                 Turns: 316, Time: 00:01:52

Health: 0/23       AC:  2    Str: 12    XL:     2   Next: 8%
Magic:  7/7        EV: 14    Int: 15    God:
Gold:   24         SH:  0    Dex: 15    Spells: 9/10 levels left

rFire    . . .     SeeInvis .   a - +2 dagger (venom)
rCold    . . .     Gourm    .   (no shield)
rNeg     . . .     Faith    .   b - +0 robe
rPois    +         Spirit   .   (no helmet)
rElec    .         Reflect  .   (no cloak)
rCorr    .         Harm     .   (no gloves)
MR       .....                  (no boots)
Stlth    +.........             (no amulet)
HPRegen  0.07/turn              i - ring of poison resistance
MPRegen  0.10/turn              (no ring)

@: appendage (expiring)
A: distributed training, fangs 1, horns 2, strong nose
a: End Transformation


You were on level 3 of the Dungeon.
You were not hungry.
You had grown temporary horns.
You visited 1 branch of the dungeon, and saw 3 of its levels.

You collected 24 gold pieces.

Inventory:

Hand Weapons
 a - a +2 dagger of venom (weapon)
   (You found it on level 1 of the Dungeon)
 g - a +0 dagger
Missiles
 h - 40 arrows
 j - 6 javelins (quivered)
Armour
 b - a +0 robe (worn)
Jewellery
 i - a ring of poison resistance (left hand)
   (You found it on level 1 of the Dungeon)
Scrolls
 e - a scroll of identify {unknown}
Potions
 f - a potion of mutation {unknown}
Books
 c - a book of Changes

   Spells                             Type                      Level
   a - Beastly Appendage              Transmutation                1
   b - Sticks to Snakes               Transmutation                2
   c - Spider Form                    Transmutation/Poison         3
   d - Ice Form                       Ice/Transmutation            4
   e - Blade Hands                    Transmutation                5
Comestibles
 d - a ration


   Skills:
 + Level 2.4 Fighting
 + Level 0.2 Short Blades
 + Level 0.2 Long Blades
 + Level 0.2 Axes
 + Level 0.2 Maces & Flails
 + Level 0.2 Polearms
 + Level 0.2 Staves
 + Level 0.2 Slings
 + Level 0.2 Bows
 + Level 0.2 Crossbows
 + Level 0.2 Throwing
 + Level 0.2 Armour
 + Level 4.4 Dodging
 + Level 0.2 Stealth
 + Level 0.2 Shields
 + Level 6.4 Unarmed Combat
 + Level 4.9 Spellcasting
 + Level 0.1 Conjurations
 + Level 0.1 Hexes
 + Level 0.1 Charms
 + Level 0.1 Summonings
 + Level 0.1 Necromancy
 + Level 0.1 Translocations
 + Level 3.6 Transmutations
 + Level 0.1 Fire Magic
 + Level 0.1 Ice Magic
 + Level 0.1 Air Magic
 + Level 0.1 Earth Magic
 + Level 0.1 Poison Magic
 + Level 0.3 Invocations
 + Level 0.2 Evocations


You had 9 spell levels left.
You knew the following spells:

 Your Spells              Type           Power        Failure   Level  Hunger
e - Beastly Appendage     Tmut           ##....       3%          1    None


Dungeon Overview and Level Annotations

Branches:
Dungeon (3/15)

Altars:
Kikubaaqudgha

Annotations:
D:3 Sigmund


Innate Abilities, Weirdness & Mutations

Your experience applies equally to all skills.
You have very sharp teeth.
Your uncanny sense of smell can sniff out nearby items.
You have a pair of horns on your head.


Message History

Your transformation is almost over.
Found a coral ring.
You see here a glowing dagger.
h - a glowing dagger Wield which item (- for none, * to show all)? (? for menu, Esc to quit)
Your +2 dagger of venom begins to drip with poison!
h - a +2 dagger of venom (weapon)
Adjust (i)tems, (s)pells, or (a)bilities?
Adjust which item? (? for menu, Esc to quit)
h - a +2 dagger of venom (weapon)
Adjust to which letter? (? for menu, Esc to quit)
a - a +2 dagger of venom (weapon);
h - 40 arrows The kobold shouts!
You hear a shout!
You see here a coral ring.
You hit the kobold but do no damage.
The kobold is poisoned.
You kill the kobold!
You have reached level 2!
i - a coral ring Put on which piece of jewellery? (? for menu, Esc to quit)
i - a ring of poison resistance (left hand)
Your horns disappear.
Memorise Sticks to Snakes, consuming 2 spell levels and leaving 7?
You start memorising the spell.
You continue memorising.
The kobold throws a stone.
Your memorisation is interrupted.
The stone hits you but does no damage. The kobold barely misses you.
You hit the kobold.
The kobold is poisoned.
The kobold is heavily wounded.
The kobold barely misses you.
You hit the kobold.
The kobold looks as sick as possible!
Your bite misses the kobold.
The kobold is severely wounded.
You kill the kobold!
Things that are here:
2 stones; a kobold corpse
Found a stone staircase leading down.
There is a stone staircase leading down here.
There is a stone staircase leading down here.
You climb downwards.
There is a stone staircase leading up here.
Unknown command.
Found a stone staircase leading down.
There is a stone staircase leading down here.
You climb downwards.
Found 34 stones.
There is a stone staircase leading up here.
Unknown command.
Found an ancient bone altar of Kikubaaqudgha.
Found 6 javelins.
You see here 6 javelins.
j - 6 javelins Sigmund the Dreaded comes into view.
He is wielding a scythe.
Press: ? - help, v - describe, . - travel
Here: Sigmund, wielding a scythe and wearing a robe (resting)
The floor.
Placed new exclusion.
Okay, then.
Found 11 gold pieces.
You see here 11 gold pieces.
You now have 15 gold pieces (gained 11).
You open the door.
Found 9 gold pieces.
You see here 9 gold pieces.
You now have 24 gold pieces (gained 9).
Found 3 large rocks.
Found 9 gold pieces.
An ooze comes into view.
A sky beast comes into view.
The sky beast closely misses you.
You hit the sky beast.
The sky beast is poisoned.
Your bite misses the sky beast.
The sky beast is lightly wounded.
The sky beast completely misses you.
Casting: Beastly Appendage
Confirm with . or Enter, or press ? or * to list all spells.
You grow a pair of large bovine horns.
The ooze quivers.
The sky beast misses you.
Casting: Beastly Appendage
Confirm with . or Enter, or press ? or * to list all spells.
You don't know that spell.
You hit the sky beast but do no damage.
The sky beast looks as sick as possible!
The sky beast is lightly wounded.
You hit the sky beast.
The sky beast is moderately wounded.
The sky beast misses you.
You miss the sky beast.
The sky beast is moderately wounded.
The ooze barely misses you. The sky beast misses you.
You closely miss the sky beast.
The sky beast is moderately wounded.
The ooze hits you.
The sky beast flickers out of sight!
Something hits you.
* * * LOW HITPOINT WARNING * * *
Something shocks you.
* * * LOW HITPOINT WARNING * * *
Your transformation is almost over.
The ooze hits you.
You die...

#.#..# #....# .# .
#.#..# ####.# @# #.#..#
#.# ..
###.#..#####.#.#########
#............#.....<..(.
#.$...###########.######
#.....#...#.# #.....#
#.....#.#.#.# ###.###.#
#.....#@#.#'# #...##
#.....#J#...###....##.
#.......#........_.....
#.....###...#.##....###
#.(.........#.###...#
#....######+#.###.###
#....+ #.....# ∆ #....#
#####.# #....


You could see an ooze.

Vanquished Creatures
  A bat (D:1)
  A hobgoblin (D:1)
  3 kobolds (D:1)
  A frilled lizard (D:1)
  A rat (D:1)
7 creatures vanquished.

Notes
Turn   | Place    | Note
-------+----------+-------------------------------------------
     0 | D:1      | tidbits the Gnoll Transmuter began the quest for the Orb.
     0 | D:1      | Reached XP level 1. HP: 17/17 MP: 6/6
   183 | D:1      | Reached XP level 2. HP: 10/23 MP: 7/7
   239 | D:3      | Found an ancient bone altar of Kikubaaqudgha.
   256 | D:3      | Noticed Sigmund
   299 | D:3      | Noticed a sky beast
   316 | D:3      | Slain by an ooze

Action                   || total
-------------------------++-------
Melee: Unarmed           ||    12
       Headbutt          ||     3
       Dagger            ||     8
       Bite              ||     1
 Cast: Beastly Appendage ||     4
 Stab: Sleeping          ||     1
Armor: Robe              ||     1
Dodge: Dodged            ||    10

Table legend:
 A = Turns spent in this place as a percentage of turns spent in the entire game.
 B = Non-inter-level travel turns spent in this place as a percentage of non-inter-level travel turns spent in the entire game.
 C = Inter-level travel turns spent in this place as a percentage of turns spent in this place.
 D = Turns resting spent in this place as a percentage of non-inter-level travel turns spent in this place.
 E = Turns spent auto-exploring this place as a percentage of non-inter-level travel turns spent in this place.
 F = Non-inter-level travel turns spent in this place divided by the number of levels of this place that you've seen.
                   A       B       C       D       E      F
               +-------+-------+-------+-------+-------+----------------------
         Total | 100.0 | 100.0 |   0.0 |   0.0 |   0.0 | 105.3
       Dungeon | 100.0 | 100.0 |   0.0 |   0.0 |   0.0 | 105.3
               +-------+-------+-------+-------+-------+----------------------

Table legend:
 A = Kills in this place as a percentage of kills in entire the game.
 B = Kills by you in this place as a percentage of kills by you in the entire game.
 C = Kills by friends in this place as a percentage of kills by friends in the entire game.
 D = Other kills in this place as a percentage of other kills in the entire game.
 E = Experience gained in this place as a percentage of experience gained in the entire game.
 F = Experience gained in this place divided by the number of levels of this place that you have seen.
                   A       B       C       D       E      F
               +-------+-------+-------+-------+-------+----------------------
         Total | 100.0 | 100.0 |   N/A |   N/A | 100.0 |   4.0
       Dungeon | 100.0 | 100.0 |   N/A |   N/A | 100.0 |   4.0
               +-------+-------+-------+-------+-------+----------------------

Vault maps used:
D:1:      dpeg_arrival_water_temple_mockup, doesnt_xom_only_xom
D:2:      overflow_temple_1_default, fedhas_altar_2
D:3:      nicolae_overflow_crystal_walls, lemuel_round_altar,
          minmay_statues_item, cheibrodos_ashenzari_chains, uniq_jessica,
          uniq_sigmund
